 Dungeon Crawl Stone Soup version 0.31.0-9-g3a7656b989 (webtiles) character file.

Game seed: 13371357873318312167

73 qw the Shooter (level 4, -1/22 HPs)
             Began as a Spriggan Hunter on Feb 2, 2024.
             Slain by Grinder (4 damage)
             ... on level 3 of the Dungeon.
             The game lasted 00:00:06 (1483 turns).

qw the Shooter (Spriggan Hunter)                    Turns: 1483, Time: 00:00:07

Health: -1/22      AC:  2    Str:  7    XL:     4   Next: 8%
Magic:  0/5        EV: 19    Int: 10    God:
Gold:   129        SH:  0    Dex: 20    Spells: 3/3 levels left

rFire   . . .        a - +1 shortbow (drain)
rCold   . . .        (shield currently unavailable)
rNeg    . . .        c - +0 robe
rPois   .            (helmet restricted)
rElec   .            (no cloak)
rCorr   .            (gloves unavailable)
SInv    +            (boots unavailable)
Will    +....        f - amulet of guardian spirit
Stlth   ++           m - ring of willpower
HPRegen 0.23/turn    (no ring)
MPRegen 0.09/turn

%: guardian spirit
@: very quick
A: very small, no large weapons, unfitting armour, see invisible, speed 3
a: no special abilities


You were on level 3 of the Dungeon.
You visited 1 branch of the dungeon, and saw 3 of its levels.

You collected 129 gold pieces.


Innate Abilities, Weirdness & Mutations

You are very small and have problems with some larger weapons.
You are too small for most types of armour.
You have supernaturally acute eyesight. (SInv)
You cover ground extremely quickly. (Speed+++)


   Skills:
 - Level 1.5 Fighting
 - Level 5.0 Ranged Weapons
 + Level 4.4 Dodging
 - Level 1.5 Stealth


You had 3 spell levels left.
You didn't know any spells.
Your spell library was empty.

Inventory:

Hand Weapons
 a - a +1 shortbow of draining (weapon)
Armour
 c - a +0 robe (worn)
Jewellery
 f - an amulet of guardian spirit (around neck)
 m - a ring of willpower (left hand)
Scrolls
 e - a scroll of summoning {unknown}
Potions
 b - a potion of heal wounds
 d - a potion of might
 l - a potion of cancellation

Dungeon Overview and Level Annotations

Branches:
Dungeon (3/15)

Altars:
Ashenzari

Annotations:
D:3 Grinder


Message History

Grinder gestures at you.
You easily resist.
A goblin comes into view. It is wielding a +0 dagger.
You shoot an arrow. The goblin shouts!
The arrow hits Grinder but does no damage.
Grinder is moderately wounded.
You shoot an arrow. The arrow closely misses Grinder.
Grinder gestures at you.
You easily resist.
You shoot an arrow. The arrow barely misses Grinder.
Grinder gestures at you.
You easily resist.
You shoot an arrow. The arrow hits Grinder.
Grinder is moderately wounded.
Grinder barely misses you.
You shoot an arrow. The arrow hits Grinder.
Grinder is moderately wounded.
Grinder hits you!
You shoot an arrow.
The arrow hits Grinder but does no damage.
Grinder is moderately wounded.
Grinder hits you!
You writhe in agony.
The goblin barely misses you.
You shoot an arrow. The arrow hits Grinder.
Grinder is heavily wounded.
Grinder misses you. The goblin misses you.
You shoot an arrow. The arrow closely misses Grinder.
Grinder barely misses you. The goblin misses you. x2
Grinder completely misses you.
You shoot an arrow. The arrow hits Grinder!
Grinder is severely wounded.
Grinder barely misses you. The goblin barely misses you.
You shoot an arrow. The arrow closely misses Grinder.
Grinder barely misses you. The goblin hits you with a +0 dagger.
You shoot an arrow. The arrow barely misses Grinder.
Grinder closely misses you. The goblin barely misses you.
You shoot an arrow. The arrow barely misses Grinder.
Grinder hits you.
You writhe in agony.
You die...
Grinder sighs, "Dead already?
I want a refund."

#...#............
#...#............
#...#.##.........
+.....##.........
#....#########..
#............+
+.....########
...##.....#
......5@#.#
..$...g...#
.......#....#
.#+######....#
#....# #....#
...... .....


You could see Grinder and a goblin.

Vanquished Creatures
  2 adders (D:2)
  2 dart slugs
  2 ribbon worms
  6 ball pythons
  2 endoplasms
  4 giant cockroaches
  6 goblins
  3 hobgoblins
  2 quokkas
  4 bats
  3 frilled lizards
  6 kobolds
  5 rats
47 creatures vanquished.

Notes
Turn   | Place    | Note
-------+----------+-------------------------------------------
     0 | D:1      | qw the Spriggan Hunter began the quest for the Orb.
     0 | D:1      | Reached XP level 1. HP: 10/10 MP: 2/2
     0 | D:1      | 0 ||| qw: Version: 0.3-a-155-g5e7d8dd
     0 | D:1      | 0 ||| qw: Game counter: 1844
     0 | D:1      | 0 ||| qw: Melee chars always use a shield: true
     0 | D:1      | 0 ||| qw: God list: Okawaru
     0 | D:1      | 0 ||| qw: Allow faded altars: false
     0 | D:1      | 0 ||| qw: Do Orc after clearing Dungeon:15 true
     0 | D:1      | 0 ||| qw: Do second Lair branch before Depths: true
     0 | D:1      | 0 ||| qw: Lair rune preference: random
     0 | D:1      | 0 ||| qw: Goals: Normal
     0 | D:1      | 0 ||| PLANNING D:1-11
    23 | D:1      | Reached skill level 3 in Dodging
   224 | D:1      | Reached XP level 2. HP: 14/14 MP: 3/3
   661 | D:1      | 661 ||| UPGRADING to amulet of guardian spirit.
   666 | D:1      | 666 ||| DROPPING scroll of butterflies.
   734 | D:2      | Reached XP level 3. HP: 6/18 MP: 2/4
   735 | D:2      | HP: 4/18 [poisoned by an adder]
   969 | D:2      | 969 ||| FLEEEEING.
   970 | D:2      | 970 ||| FLEEEEING.
   971 | D:2      | 971 ||| FLEEEEING.
  1026 | D:2      | 1026 ||| FLEEEEING.
  1027 | D:2      | 1027 ||| FLEEEEING.
  1040 | D:2      | Reached skill level 5 in Ranged Weapons
  1191 | D:2      | Found a broken altar of Ashenzari.
  1373 | D:2      | 1373 ||| DROPPING scarf of harm.
  1374 | D:2      | 1374 ||| UPGRADING to ring of willpower.
  1375 | D:2      | 1375 ||| READING scroll labelled OJEKHASHAD.
  1375 | D:2      | 1375 ||| ENCHANTING +0 shortbow.
  1376 | D:2      | 1376 ||| READING scroll labelled HAKKEG KACULU.
  1377 | D:2      | 1377 ||| READING scroll labelled PAKLOU GADD.
  1377 | D:2      | 1377 ||| BRANDING +1 shortbow.
  1378 | D:2      | 1378 ||| READING scroll labelled BAOKHE CICI.
  1379 | D:2      | 1379 ||| READING 2 scrolls labelled CUYLEPH XOCSUSK.
  1379 | D:2      | 1379 ||| IDENTIFYING murky pink potion
  1380 | D:2      | 1380 ||| READING scroll of identify.
  1380 | D:2      | 1380 ||| IDENTIFYING dark potion
  1381 | D:2      | 1381 ||| DRINKING 2 pink potions.
  1382 | D:2      | 1382 ||| DRINKING 2 white potions.
  1383 | D:2      | 1383 ||| DROPPING potion of brilliance.
  1437 | D:3      | Reached XP level 4. HP: 22/22 MP: 5/5
  1467 | D:3      | Noticed Grinder
  1483 | D:3      | HP: 3/22 [Grinder (3)]
  1483 | D:3      | Slain by Grinder

Levels and vault maps discovered:
D:1:      lemuel_arrival_room, layout_basic, st_stairs_5,
          dreamdust_princess_bridge
D:2:      layout_basic, basic_altar, minmay_hexomino_p4
D:3:      layout_basic, chequers_serial_rivers_micro_d, uniq_grinder,
          uniq_jessica

Skill      XL: |  1  2  3 |
---------------+----------+-----
Dodging        | 3 4 |  4.4
Ranged Weapons | 5 |  5.0
Fighting       | |  1.5
Stealth        | |  1.5

Action                     |  1- 3 |  4- 6 || total
---------------------------+-------+-------++-------
   Fire: Shortbow          |   154 |    22 ||   176
    Use: Scroll            |     6 |       ||     6
         Potion            |     2 |       ||     2
 Armour: Robe              |    20 |     4 ||    24
  Dodge: Dodged            |    41 |    13 ||    54

Table legend:
 A = Non-vault XP
 B = Vault XP
 C = Vault XP percentage of total XP
 D = Non-vault monster count
 E = Vault monster count
 F = Vault count percentage of total count
                 A         B        C        D         E       F
            +---------+---------+-------+---------+---------+-------
      Total |      99 |       6 |   5.7 |      44 |       3 |   6.4
            +---------+---------+-------+---------+---------+-------
        D:1 |      33 |       2 |   5.7 |      22 |       1 |   4.3
        D:2 |      57 |       4 |   6.6 |      18 |       2 |  10.0
        D:3 |       9 |       0 |   0.0 |       4 |       0 |   0.0
            +---------+---------+-------+---------+---------+-------
